Map: Tokamak LE

Players

EightNovem

  • Race: Terran Terran
  • League: Diamond
  • Spawn Location: 1:00

llllllllll - Winner!

  • Race: Protoss Protoss
  • League: Master
  • Spawn Location: 7:00

VOD

Have the link to the VOD?

Description

Time

  • Played on: Sept. 20, 2025, 6:22 p.m.
  • Length: 9:19
Show
View Real Time Build Order
Export as new Build Order

EightNovem Terran 

Build Orders:  

Get SALT Encoding   

  12  0:00  SCV  
  13  0:12  SCV  
  14  0:17  Supply Depot  
  14  0:24  SCV  
  15  0:39  SCV  
  15  0:40  Barracks  
  16  0:44  Refinery  
  16  0:51  SCV  
  16  0:52  Refinery  
  17  1:04  SCV  
  18  1:16  SCV  
  19  1:35  Reaper, Orbital Command  
  20  1:40  Supply Depot  
  20  1:47  Factory  
  20  2:05  SCV  
  21  2:17  SCV  
  21  2:20  Reaper  
  23  2:27  Command Center  
  23  2:31  SCV  
  24  2:38  Hellion  
  24  2:43  SCV  
  27  2:49  Starport  
  27  2:54  Barracks Reactor  
  27  3:02  SCV  
  28  3:11  Widow Mine  
  29  3:14  SCV  
  30  3:25  Bunker  
  30  3:26  SCV  
  31  3:38  Marine x2  
  31  3:39  Orbital Command  
  31  3:41  Medivac, Widow Mine  
  35  3:44  SCV  
  37  3:56  SCV, Marine  
  39  4:03  Factory Tech Lab  
  39  4:09  SCV  
  37  4:21  Marine  
  37  4:23  Marine  
  37  4:24  Cyclone  
  37  4:25  Medivac  
  37  4:26  SCV  
  41  4:31  SCV  
  41  4:37  Barracks  
  41  4:38  Barracks  
  41  4:39  Marine  
  41  4:45  SCV x2  
  44  4:59  Bunker  
  46  5:01  SCV x2  
  46  5:08  Supply Depot  
  46  5:11  Marine x2  
  46  5:28  Barracks Tech Lab  
  46  5:29  Siege Tank, Barracks Reactor, Liberator, SCV x2  
  46  5:31  Barracks  
  46  5:32  Barracks  
  54  5:51  Supply Depot  
  54  5:53  Supply Depot  
  54  6:07  SCV x2  
  54  6:11  Siege Tank  
  54  6:17  Marine x3  
  54  6:19  SCV x2  
  54  6:29  Marine x2  
  54  6:31  SCV x2  
  52  6:40  Marine x2  
  52  6:43  SCV  
  52  6:45  Command Center  
  52  6:46  Viking, Barracks  
  36  7:00  SCV x2  
  35  7:10  Marine x2  
  35  7:11  Barracks Tech Lab  
  35  7:12  SCV x2  
  39  7:24  SCV  
  39  7:25  SCV  
  39  7:27  Marine x2  
  39  7:28  Marine x2  
  42  7:37  SCV, Stimpack  
  42  7:41  Marine  
  42  7:45  Marine  
  42  7:46  SCV  
  42  7:49  Barracks Reactor  
  44  7:53  SCV  
  44  7:54  Marine  
  44  7:55  Marine  
  44  7:58  SCV, Starport Reactor  
  48  8:01  Barracks Tech Lab  
  48  8:05  SCV  
  50  8:07  Barracks Reactor  
  50  8:11  SCV  
  50  8:17  Siege Tank, SCV  
  50  8:18  Marine  
  55  8:23  SCV, Supply Depot  
  56  8:29  SCV  
  56  8:32  Marauder  
  56  8:33  SCV  
  60  8:35  SCV  
  60  8:36  Medivac, Supply Depot  
  60  8:40  Marine x2  
  65  8:43  SCV  
  65  8:45  SCV  
  65  8:48  SCV  
  68  8:52  Refinery  
  69  8:55  SCV  
  69  8:56  Engineering Bay  
  69  9:00  SCV  
Show
View Real Time Build Order
Export as new Build Order

llllllllll Protoss - Winner!

Build Orders: 1 Gate Expand, Blink Stalkers 

Get SALT Encoding   

  12  0:00  Probe  
  13  0:12  Probe  
  14  0:18  Pylon  
  14  0:24  Probe  
  15  0:36  Probe, Gateway  
  16  0:44  Probe  
  16  0:45  Assimilator  
  17  0:52  Probe  
  18  1:05  Probe  
  19  1:17  Probe  
  20  1:24  Cybernetics Core  
  20  1:29  Probe  
  21  1:41  Nexus  
  21  1:45  Probe  
  22  1:54  Pylon  
  22  1:58  Assimilator  
  22  2:02  Probe, Stalker  
  23  2:12  Warp Gate  
  24  2:17  Probe  
  25  2:29  Probe  
  26  2:30  Twilight Council  
  26  2:39  Stalker  
  26  2:41  Probe  
  29  2:51  Gateway  
  29  2:54  Blink  
  29  2:55  Probe x2  
  31  3:07  Probe  
  32  3:14  Probe  
  32  3:16  Stalker  
  32  3:19  Probe  
  36  3:24  Gateway  
  36  3:31  Probe  
  36  3:32  Probe  
  38  3:43  Probe  
  38  3:46  Stalker  
  39  3:51  Probe  
  42  3:59  Assimilator, Robotics Facility  
  42  4:23  Probe x2  
  44  4:34  Pylon  
  44  4:35  Probe  
  45  4:42  Probe, Warp Prism  
  45  4:44  Assimilator  
  46  4:47  Nexus  
  46  4:49  Pylon  
  46  4:51  Pylon  
  46  4:52  Probe  
  49  4:53  Stalker  
  49  4:54  Stalker  
  49  4:57  Probe  
  54  5:01  Pylon  
  54  5:03  Charge  
  52  5:27  Probe x2  
  54  5:32  Gateway  
  54  5:35  Gateway  
  54  5:36  Robotics Bay  
  54  5:39  Probe  
  54  5:41  Assimilator  
  55  5:44  Assimilator  
  53  5:51  Stalker x3  
  53  5:52  Probe x2  
  61  6:24  Stalker x3  
  67  6:31  Probe x3  
  68  6:33  Stalker x2  
  72  6:43  Probe x2  
  56  7:08  Extended Thermal Lance  
  56  7:13  Colossus, Stalker  
  56  7:14  Stalker x4  
  56  7:15  Probe x3  
  71  7:27  Probe  
  70  7:30  Probe x2  
  70  7:35  Gateway  
  72  7:37  Gateway  
  72  7:39  Gateway  
  72  7:42  Pylon  
  72  7:43  Probe, Pylon  
  72  7:44  Probe  
  74  7:47  Stalker x5  
  74  7:50  Probe  
  85  7:51  Colossus  
  85  7:54  Robotics Facility  
  85  7:56  Probe x2  
  87  8:02  Probe  
  88  8:08  Probe, Gateway  
  95  8:13  Templar Archives  
  95  8:18  Pylon  
  95  8:20  Pylon  
  95  8:22  Pylon  
  95  8:24  Pylon  
  95  8:37  Sentry x6, Forge  
  95  8:38  Sentry  
  95  8:39  Forge  
  109  8:46  Nexus  
  109  8:54  High Templar  
  111  8:59  Probe x3  
Tags
 
Add a new tag
Caveats
  • Supply blocks, unpowered buildings, or Contaminate may cause inaccurate times.
  • Supply counts are checked every 10 seconds.